 Dungeon Crawl Stone Soup version 0.14-a0-1974-gdb6e453 (webtiles) character file.

515 M4edhros the Magician (level 6, -1/36 HPs)
             Began as an Octopode Ice Elementalist on Jan 17, 2014.
             Slain by a green rat (7 damage)
             ... summoned by Eustachio
             ... on Level 5 of the Dungeon.
             The game lasted 00:09:31 (3943 turns).

M4edhros the Magician (Octopode Ice Elementalist)   Turns: 3943, Time: 00:09:32

HP  -1/36        AC  1     Str  8      XL: 6   Next: 78%
MP   8/17        EV 12     Int 19      God:
Gold 129         SH  0     Dex 12      Spells:  4 memorised,  5 levels left

rFire  . . .     SeeInvis .     d - +0 halberd
rCold  . . .     Clarity  .     (no shield)
rNeg   . . .     Conserve +     (helmet restricted)
rPois  .         rCorr    .     q - amulet of conservation
rElec  .         rRot     .     (no ring)
SustAb . .       Spirit   .     (no ring)
rMut   .         Warding  .     (no ring)
Saprov . . .     Stasis   .     (no ring)
MR     .....                    (no ring)
                                (no ring)
                                (no ring)
                                (no ring)

@: about to teleport, mildly poisoned, not resistant to hostile enchantments,
quite stealthy
A: almost no armour, amphibious, 8 rings, constrict 8, camouflage 1, gelatinous
body 1
a: no special abilities


You were on level 5 of the Dungeon.
You were not hungry.

You visited 2 branches of the dungeon, and saw 6 of its levels.

You collected 129 gold pieces.

Inventory:

Hand weapons
 d - a +0,+0 halberd (weapon)
 k - a +2,+0 short sword of speed
Comestibles
 c - 5 bread rations
 f - 2 apples
 g - a chunk of gnoll flesh
Scrolls
 a - 2 scrolls of random uselessness
 i - 3 scrolls of remove curse
 n - 2 scrolls of noise
 o - a scroll of enchant weapon II
 p - a scroll of immolation
Jewellery
 q - an amulet of conservation (around mantle)
Potions
 h - a potion of brilliance
Books
 b - a book of Frost

   Spells                             Type                      Level
   *Freeze                            Ice                          1
   *Throw Frost                       Conjuration/Ice              2
   *Ozocubu's Armour                  Charms/Ice                   3
   Throw Icicle                       Conjuration/Ice              4
   Summon Ice Beast                   Ice/Summoning                4
   *Condensation Shield               Ice                          4


   Skills:
 - Level 2.0 Dodging
 - Level 2.6 Stealth
 * Level 5.2 Spellcasting
 + Level 1.8 Conjurations
 + Level 4.7 Ice Magic


You had 5 spell levels left.
You knew the following spells:

 Your Spells              Type           Power        Failure   Level  Hunger
a - Freeze                Ice            ###.         1%          1    None
b - Throw Frost           Conj/Ice       ###...       6%          2    None
c - Ozocubu's Armour      Chrm/Ice       ##........   14%         3    ##.....
d - Condensation Shield   Ice            ###.......   17%         4    ####...


Dungeon Overview and Level Annotations

Branches:
Dungeon (5/16)             Temple (1/1) D:5

Altars:
Dithmengos
Elyvilon
Kikubaaqudgha
Makhleb
Nemelex Xobeh
Okawaru
Trog
Vehumet
Xom
Yredelemnul
Zin

Annotations:
D:5 Eustachio


Innate Abilities, Weirdness & Mutations

You cannot wear most types of armour.
You are amphibious.
You can wear up to eight rings at the same time.
You can use your tentacles to constrict many enemies at once.
Your skin changes colour to match your surroundings (Stlth).
Your rubbery body absorbs attacks (AC +1).


Message History

Press: ? - help, Dir - move target cursor, f/p - Eustachio
Aim: Eustachio, wielding a glowing falchion and wearing a leather armour (moderately wounded)
You reach to attack!
You barely miss Eustachio.
Eustachio is moderately wounded.
You closely miss Eustachio. You grab Eustachio.
Eustachio is moderately wounded.
You constrict Eustachio.
Eustachio hits you with a glowing falchion!
Eustachio freezes you. The worker ant bites you.
You are poisoned.
The worker ant poisons you! The green rat closely misses you.
The worker ant barely misses you.
Eustachio hits you with a falchion of freezing.
Eustachio freezes you.
Read which item? (? for menu, Esc to quit)
As you read the scroll of teleportation, it crumbles to dust.
You feel strangely unstable.
You constrict Eustachio. The worker ant bites you!
* * * LOW HITPOINT WARNING * * *
The green rat bites you!
You die...

#........ #........
.......# #......# .
#......# #.###......#
...........####
#......r@a.#.##..
###.#...@........
#####.## ##.........#.#
###.##...###.........##
......................#
.....................###
.....................#.#
........................#
.......................#
.......................##


You could see Eustachio, a worker ant and a green rat.

Vanquished Creatures
  A hound (D:5)
  A crimson imp (D:5)
  3 orc priests (D:4)
  A worker ant (D:4)
  2 orc wizards (D:5)
  4 gnolls (D:5)
  An adder (D:4)
  A giant mite (D:3)
  An inept feature mimic (D:2)
  3 worms
  5 giant geckos
  7 orcs
  5 bats
  8 hobgoblins
  5 jackals
  2 quokkas
  A ball python (D:1)
  3 giant newts
  6 goblins
  15 kobolds
  11 rats
86 creatures vanquished.

Notes
Turn   | Place    | Note
--------------------------------------------------------------
     0 | D:1      | M4edhros, the Octopode Ice Elementalist, began the quest for the Orb.
     0 | D:1      | Reached XP level 1. HP: 11/11 MP: 3/3
   191 | D:1      | Reached XP level 2. HP: 3/17 MP: 3/5
   769 | D:2      | Reached XP level 3. HP: 14/21 MP: 3/6
  1063 | D:2      | Reached XP level 4. HP: 14/27 MP: 10/10
  1783 | D:4      | Found a basalt altar of Yredelemnul.
  1806 | D:4      | Learned a level 2 spell: Throw Frost
  1810 | D:4      | Learned a level 3 spell: Ozocubu's Armour
  1815 | D:4      | Learned a level 4 spell: Condensation Shield
  2009 | D:4      | Reached skill level 4 in Spellcasting
  2159 | D:4      | Reached XP level 5. HP: 28/31 MP: 9/13
  2574 | D:4      | Noticed a black bear
  2751 | D:5      | Entered Level 5 of the Dungeon
  2816 | D:5      | Reached XP level 6. HP: 25/36 MP: 16/16
  2940 | D:5      | Found a staircase to the Ecumenical Temple.
  2949 | Temple   | Entered the Ecumenical Temple
  3279 | D:5      | Reached skill level 5 in Spellcasting
  3932 | D:5      | Noticed Eustachio
  3943 | D:5      | Slain by a green rat

Action                   |  1- 3 |  4- 6 || total
-------------------------+-------+-------++-------
Melee: Unarmed           |    27 |       ||    27
       Short sword       |    31 |   110 ||   141
       Halberd           |       |     3 ||     3
 Cast: Freeze            |    19 |    24 ||    43
       Throw Frost       |       |    19 ||    19
  Use: Potion            |     3 |     1 ||     4
       Scroll            |       |    11 ||    11
 Stab: Sleeping          |     6 |     5 ||    11
